 Dungeon Crawl Stone Soup version 0.20.0-8-g6b59dc7 (webtiles) character file.

140 straycat the Covered (level 5, -2/40 HPs)
             Began as a Vampire Wanderer on May 30, 2017.
             Killed from afar by an orc wizard (4 damage)
             ... with a magic dart
             ... on level 3 of the Dungeon.
             The game lasted 00:12:06 (2169 turns).

straycat the Covered (Vampire Wanderer)             Turns: 2169, Time: 00:12:07

Health: -2/40      AC: 10    Str: 12    XL:     5   Next: 2%
Magic:  0/5        EV:  9    Int: 15    God:
Gold:   142        SH:  0    Dex: 13    Spells: 5/5 levels left

rFire    . . .     SeeInvis +   c - +0 falchion
rCold    . . .     Gourm    .   (no shield)
rNeg     + . .     Faith    .   a - +2 scale mail
rPois    .         Spirit   +   (no helmet)
rElec    .         Reflect  .   (no cloak)
rCorr    .         Harm     .   (no gloves)
MR       .....                  t - +0 pair of boots
Stlth    +.........             n - amulet of guardian spirit
Regen    0.2/turn               o - ring of wizardry
MPRegen  0.1/turn               (no ring)

@: no status effects
A: fangs 3, see invisible, unbreathing
a: Bat Form


You were on level 3 of the Dungeon.
You were not thirsty.

You visited 1 branch of the dungeon, and saw 3 of its levels.

You collected 142 gold pieces.

Inventory:

Hand Weapons
 c - a +0 falchion (weapon)
 f - a +0 hunting sling
 q - a +0 rapier
 x - a +1 hand axe of chopping
Missiles
 k - 25 stones (quivered)
 l - 18 arrows
 z - 5 javelins
Armour
 a - a +2 scale mail (worn)
 j - a +0 ring mail
 t - a +0 pair of boots (worn)
 C - a scarf of spirit shield
Jewellery
 n - an amulet of guardian spirit (around neck)
 o - a ring of wizardry (left hand)
Wands
 s - a wand of clouds (6/9)
 A - a wand of clouds (3/9)
Scrolls
 e - a scroll of immolation {unknown}
 g - 2 scrolls of recharging {unknown}
 m - a scroll of fog {unknown}
 p - a scroll of remove curse {unknown}
 B - a scroll of fear {unknown}
Potions
 d - 23 potions of blood
 h - a potion of ambrosia {unknown}
 i - a potion of degeneration {unknown}
 r - 3 potions of resistance {unknown}
 u - a potion of flight {unknown}
 v - a potion of berserk rage {unknown}
 w - a potion of haste {unknown}


   Skills:
 * Level 2.8 Fighting
 + Level 0.4(2.0) Short Blades
 + Level 2.8(2.9) Long Blades
 + Level 3.5 Armour
 * Level 1.9 Dodging
 * Level 3.5 Stealth
   Level 1.0 Shields
 + Level 0.5 Spellcasting


You had 5 spell levels left.
You didn't know any spells.

Dungeon Overview and Level Annotations

Branches:
Dungeon (3/15)

Altars:
Kikubaaqudgha
Ru
Xom
Yredelemnul
Zin


Innate Abilities, Weirdness & Mutations

You have razor-sharp teeth.
You have supernaturally acute eyesight. (SInv)
You can survive without breathing.


Message History

You closely miss the orc wizard.
The orc wizard is lightly wounded.
The orc hits you with a flail.
The orc wizard hits you but does no damage.
The orc priest invokes the aid of Beogh against you.
Beogh smites you!
* * * LOW HITPOINT WARNING * * *
You don't have enough magic at the moment.
The orc barely misses you.
You riposte.
You hit the orc but do no damage. Your bite misses the orc.
Items here: ! ( ) [ † a scale mail; a mace of crushing; a potion of curing; 2 throwing nets an orc corpse The teleport trap disappears.
The orc wizard disappears!
The orc wizard reappears nearby!
The orc wizard hits you with a dagger.
* * * LOW HITPOINT WARNING * * *
The orc wizard gestures at you while chanting.
The magic dart hits you!
You die...

....#.#.############
.......(............
..#(...)..#
#.#.......#
#.#.#####.# +.(.#
###.####### ##..#
#.........#
#..###+#.#####.#
##%..o.@.# #.#
#...o...# #÷# #####
#..o....# #.######
?...!.#o).....#
#......#
......'.o.....#
######.#
......##...##.# #.#
..... #...# .# #.#
#### #...# .#
########'### #...#
.# ...........##


You could see an orc priest, an orc wizard and 3 orcs.

Vanquished Creatures
  An orc wizard (D:2)
  2 adders (D:2)
  5 oozes
  A worm (D:2)
  A dart slug (D:3)
  A leopard gecko (D:3)
  7 orcs
  A giant cockroach (D:1)
  7 goblins
  7 hobgoblins
  4 quokkas (D:2)
  2 ball pythons
  5 bats
  5 frilled lizards
  7 kobolds
  6 rats
62 creatures vanquished.

Notes
Turn   | Place    | Note
-------+----------+-------------------------------------------
     0 | D:1      | straycat the Vampire Wanderer began the quest for the Orb.
     0 | D:1      | straycat set off with: a +2 scale mail, a potion of curing, a +0 falchion, a potion of blood
     0 | D:1      | Reached XP level 1. HP: 16/16 MP: 1/1
     3 | D:1      | Noticed an electric eel
     8 | D:1      | Noticed an electric eel
   334 | D:1      | Reached XP level 2. HP: 19/22 MP: 2/2
   701 | D:1      | Reached XP level 3. HP: 24/27 MP: 3/3
   928 | D:2      | Reached skill level 1 in Dodging
   983 | D:2      | Found a sacrificial altar of Ru.
  1177 | D:2      | Found an ancient bone altar of Kikubaaqudgha.
  1195 | D:2      | Reached XP level 4. HP: 26/34 MP: 2/4
  1677 | D:3      | Found a shimmering altar of Xom.
  1677 | D:3      | Noticed an angel
  1997 | D:3      | Found a glowing silver altar of Zin.
  2103 | D:3      | Found a basalt altar of Yredelemnul.
  2150 | D:3      | Reached XP level 5. HP: 18/40 MP: 3/5
  2164 | D:3      | HP: 2/40 [orc priest/divine providence (11)]
  2169 | D:3      | Killed from afar by an orc wizard

Skill      XL: |  1  2  3  4 |
---------------+-------------+-----
Fighting       | 2 |  2.8
Stealth        | 2 3 |  3.5
Dodging        | 1 |  1.9
Short Blades   | |  0.4
Long Blades    | |  2.8
Armour         | |  3.5
Shields        | |  1.0
Spellcasting   | |  0.5

Action                   |  1- 3 |  4- 6 || total
-------------------------+-------+-------++-------
Melee: Falchion          |   112 |   139 ||   251
       Bite              |    14 |    16 ||    30
Throw: Tomahawk          |       |     5 ||     5
  Use: Potion            |       |     7 ||     7
Armor: Scale mail        |    59 |    64 ||   123
Dodge: Dodged            |    46 |    66 ||   112
       Rpst.: Falchion   |    17 |    21 ||    38
